Map: Piazza Viola Neon LE

Players

danpisOsix

  • Race: Protoss Protoss
  • League: Silver
  • Spawn Location: 11:00

Bilb - Winner!

  • Race: Terran Terran
  • Spawn Location: 5:00

VOD

Have the link to the VOD?

Description

Time

  • Played on: Nov. 28, 2017, 9:56 a.m.
  • Length: 26:41
Show
View Real Time Build Order
Export as new Build Order

danpisOsix Protoss 

Build Orders:  

Get SALT Encoding   

  12  0:04  Probe  
  13  0:16  Probe  
  14  0:24  Pylon  
  14  0:28  Probe  
  15  0:37  Pylon  
  15  0:42  Probe  
  16  0:54  Probe  
  17  0:58  Gateway  
  17  1:06  Probe (Chrono Boost), Assimilator  
  18  1:18  Probe (Chrono Boost)  
  19  1:19  Assimilator  
  19  1:20  Probe (Chrono Boost)  
  20  1:30  Forge  
  20  1:32  Probe (Chrono Boost)  
  22  1:42  Probe (Chrono Boost)  
  23  1:47  Probe  
  23  1:59  Probe  
  24  2:02  Zealot  
  26  2:15  Cybernetics Core  
  26  2:30  Gateway  
  26  2:32  Gateway  
  25  3:00  Warp Gate (Chrono Boost)  
  27  3:12  Adept  
  27  3:30  Robotics Facility  
  27  3:40  Adept  
  29  3:50  Nexus  
  29  4:08  Pylon  
  29  4:11  Pylon  
  29  4:13  Pylon  
  29  4:23  Observer  
  30  4:24  Robotics Bay  
  30  4:48  Probe (Chrono Boost)  
  32  5:00  Adept x3, Probe (Chrono Boost)  
  32  5:05  Probe (Chrono Boost)  
  39  5:14  Probe  
  40  5:24  Adept  
  40  5:25  Adept x2  
  40  5:28  Probe (Chrono Boost)  
  48  5:31  Probe (Chrono Boost)  
  48  5:40  Probe (Chrono Boost)  
  48  5:42  Probe (Chrono Boost)  
  50  6:23  Colossus  
  56  6:28  Zealot x3  
  62  6:36  Observer  
  62  7:16  Colossus  
  68  7:29  Twilight Council  
  68  7:31  Robotics Facility  
  68  7:35  Gateway  
  68  7:38  Gateway  
  68  7:40  Gateway  
  68  7:43  Pylon  
  68  7:49  Pylon  
  68  7:52  Probe x2  
  68  7:57  Pylon  
  70  8:03  Sentry x2  
  70  8:04  Probe x2, Sentry  
  78  8:16  Probe  
  79  8:23  Probe  
  80  8:28  Probe  
  80  8:33  Assimilator  
  81  8:35  Probe  
  81  8:37  Assimilator  
  82  8:44  Resonating Glaives  
  82  8:51  Colossus x2  
  94  8:56  Extended Thermal Lance  
  94  9:39  Pylon  
  94  9:42  Pylon  
  94  9:45  Pylon  
  94  9:48  Pylon  
  94  9:57  Shield Battery, Probe x2  
  94  9:59  Shield Battery  
  96  10:05  Zealot x4  
  96  10:06  Zealot x2  
  108  10:09  Probe x2  
  110  10:21  Probe  
  110  10:24  Charge  
  111  10:40  Templar Archives  
  111  10:45  Zealot x2  
  111  10:46  Zealot x4  
  123  11:07  Pylon  
  123  11:09  Pylon  
  123  11:11  Pylon  
  123  11:19  Pylon  
  123  11:20  Pylon  
  123  11:24  Pylon  
  123  11:25  Photon Cannon x2  
  123  11:27  Photon Cannon  
  123  11:32  Observer  
  123  11:43  Stargate  
  123  11:47  Dark Shrine  
  123  12:33  High Templar  
  123  12:34  High Templar  
  127  12:39  High Templar x2  
  127  12:44  Archon x2  
  131  13:28  Dark Templar  
  131  13:29  Dark Templar x3  
  131  13:30  Dark Templar x2  
  143  13:35  Warp Prism  
  143  13:41  Colossus  
  151  14:11  Disruptor  
  154  14:25  Fleet Beacon  
  154  14:54  Shadow Stride (Chrono Boost)  
  56  16:47  Dark Templar  
  56  16:50  Dark Templar  
  56  16:53  Dark Templar x3  
  56  16:54  Dark Templar  
  47  17:40  Dark Templar x3  
  47  17:41  Dark Templar x3  
  59  17:52  Mothership  
  67  18:06  Dark Templar  
  67  18:07  Dark Templar  
  43  20:37  Zealot  
  45  20:46  Zealot x3  
  45  20:47  Zealot x2  
  55  21:11  Nexus  
  55  21:15  Assimilator  
  55  21:16  Zealot x5  
  55  21:17  Zealot  
  67  21:18  Assimilator  
  67  21:40  Zealot x5  
  67  21:41  Zealot  
  79  22:07  Gateway  
  79  22:08  Gateway  
  79  22:13  Gateway  
  79  22:17  Gateway  
  79  22:20  Gateway  
  79  22:24  Gateway  
  79  22:27  Gateway  
  79  22:29  Gateway  
  79  22:30  Zealot x2  
  79  22:31  Zealot x4  
  91  23:05  Zealot x3  
  95  23:07  Zealot  
  95  23:08  Zealot x2  
  103  23:43  Zealot  
  103  23:44  Zealot x5  
  115  24:39  Zealot  
  117  24:52  Pylon  
  117  25:00  Pylon  
  117  25:04  Pylon  
  117  25:06  Pylon  
  117  25:09  Pylon  
  117  25:13  Pylon  
  117  25:18  Pylon  
  27  26:12  Dark Templar x3  
  27  26:13  Dark Templar x4  
  27  26:14  Dark Templar x2  
Show
View Real Time Build Order
Export as new Build Order

Bilb Terran - Winner!

Build Orders:  

Get SALT Encoding   

  12  0:03  SCV  
  13  0:18  SCV  
  14  0:27  Supply Depot  
  14  0:31  SCV  
  15  0:43  Refinery  
  15  0:49  SCV  
  16  0:56  Barracks  
  16  1:01  SCV  
  17  1:13  SCV  
  18  1:26  SCV  
  19  1:43  Orbital Command  
  19  1:51  Factory  
  19  1:54  Marine  
  20  2:11  SCV  
  20  2:12  Marine  
  22  2:18  Refinery  
  22  2:42  Supply Depot  
  22  3:04  Factory Tech Lab  
  22  3:20  Barracks Reactor  
  22  3:23  Supply Depot  
  22  3:37  Barracks  
  22  3:42  Barracks  
  22  3:45  Supply Depot  
  22  3:46  Supply Depot  
  22  3:56  Starport  
  22  3:57  Siege Tank  
  25  4:27  SCV  
  25  4:29  Siege Tank  
  29  4:39  SCV  
  30  4:49  Command Center  
  30  4:50  Barracks Tech Lab  
  30  4:52  Barracks Reactor  
  30  4:54  Starport Reactor  
  30  5:05  SCV  
  31  5:15  Marine x2  
  31  5:16  Marine  
  34  5:23  Siege Tank  
  37  5:33  Marine x2  
  37  5:34  Marauder  
  41  5:51  Marine  
  41  5:53  Medivac  
  41  5:55  Marauder  
  46  6:15  Orbital Command  
  46  6:22  SCV  
  47  6:31  Refinery  
  47  6:34  SCV  
  48  6:46  SCV  
  49  6:58  Refinery, SCV  
  50  7:02  Engineering Bay  
  50  7:06  Engineering Bay  
  50  7:37  Marauder  
  50  7:38  Marine x4  
  50  7:41  Siege Tank  
  50  7:43  Medivac, Command Center  
  61  7:50  SCV x2  
  63  7:55  Marine  
  63  7:56  Marine x3  
  67  7:59  Marauder  
  67  8:02  SCV  
  70  8:14  Supply Depot  
  70  8:16  Supply Depot  
  70  8:17  Supply Depot x2  
  70  8:18  Terran Infantry Weapons Level 1  
  70  8:20  Terran Infantry Armor Level 1  
  70  8:35  Marine x2  
  70  8:36  Marauder, Siege Tank, SCV  
  70  8:37  Marine x2  
  80  8:43  SCV  
  80  8:48  SCV  
  82  8:53  Marine x2  
  82  8:55  Orbital Command, SCV, Marine x2  
  84  8:57  Marauder  
  89  9:03  Refinery  
  89  9:08  Siege Tank  
  92  9:13  Marine  
  93  9:19  Marauder  
  93  9:22  Marine x3  
  98  9:27  Refinery  
  98  9:31  Marine  
  99  9:39  Armory  
  99  9:40  Marauder, Marine x3  
  99  9:44  Stimpack  
  104  9:49  Marine  
  105  9:53  Medivac  
  105  9:57  Marine  
  105  9:58  Marine x2  
  110  10:01  Marauder  
  110  10:06  SCV, Marine  
  114  10:15  Marine x2  
  114  10:16  Marine  
  117  10:30  Supply Depot  
  117  10:32  Supply Depot  
  117  10:34  Supply Depot  
  117  10:37  Supply Depot  
  117  10:52  Marauder, SCV x3, Marine  
  123  11:00  Terran Infantry Weapons Level 2  
  123  11:02  Terran Infantry Armor Level 2  
  123  11:04  SCV x3  
  123  11:06  Terran Vehicle Weapons Level 1  
  126  11:14  Marauder  
  126  11:16  SCV x3  
  131  11:24  Barracks  
  131  11:27  Barracks  
  131  11:28  SCV x3  
  134  11:34  Marine  
  134  11:35  Marauder  
  134  11:37  Factory  
  137  11:40  SCV x2  
  137  11:45  Combat Shield  
  139  11:56  Marauder, Supply Depot  
  141  12:22  Factory  
  141  12:38  SCV  
  142  12:48  Factory Tech Lab  
  142  12:51  SCV  
  143  12:57  Barracks Tech Lab  
  143  13:00  Terran Vehicle And Ship Armor Level 1  
  143  13:03  SCV, Barracks Reactor  
  143  13:04  Concussive Shells  
  144  13:15  Marauder x2, Marine x2  
  144  13:16  Marine x2  
  152  13:22  Thor x2  
  152  13:26  Factory Tech Lab  
  164  13:33  Marine x3  
  164  13:34  Marine  
  167  13:37  Marauder x2  
  172  13:51  Marine x3  
  172  13:52  Marine  
  172  13:55  Marine x2  
  178  13:58  Marauder x2, Thor  
  188  14:09  Marine x4  
  191  14:13  Marine x2  
  191  14:14  Medivac x2  
  198  14:19  Marauder  
  200  14:54  Terran Ship Weapons Level 1  
  107  16:33  Marauder  
  107  16:34  Marauder  
  107  16:35  Marine x6  
  107  16:39  Thor  
  112  16:40  Thor x2  
  112  16:42  Medivac  
  132  16:52  Marine  
  132  16:53  Marine x5  
  136  16:55  Marauder x2  
  129  17:10  Marine x2  
  129  17:11  Marine x4  
  126  17:16  Marauder x2  
  126  17:22  Thor x3  
  115  17:28  Marine x3  
  115  17:29  Marine  
  119  17:38  Marauder x2  
  119  17:40  Marine  
  119  17:41  Marine  
  125  17:46  Marine x4  
  125  17:47  Medivac  
  131  17:58  Marine x2  
  131  17:59  Marauder x2  
  131  18:04  Marine x3  
  131  18:05  Thor x2  
  149  18:20  Marauder  
  149  18:21  Marauder  
  153  18:37  Command Center  
  153  18:50  Orbital Command  
  153  19:04  Terran Vehicle Weapons Level 2  
  147  19:26  Marine x3  
  138  21:34  Supply Depot x2  
  138  21:35  Supply Depot  
  138  21:36  Supply Depot  
  138  21:39  Supply Depot  
  138  21:46  Orbital Command  
  138  22:37  Supply Depot  
  138  22:38  Supply Depot  
  138  22:50  Terran Infantry Weapons Level 3  
  138  22:59  Marine x2  
  138  23:00  Supply Depot, SCV  
  141  23:13  Marine x3  
  141  23:14  Marauder x2, SCV, Marine  
  141  23:17  Marine x2  
  152  23:26  SCV  
  153  23:30  Raven  
  153  23:31  Marine x3  
  153  23:32  Marine  
  159  23:35  Marauder x2, Marine  
  159  23:38  SCV  
  165  24:09  Supply Depot  
  165  24:10  Supply Depot  
  165  24:12  Supply Depot  
  165  24:30  Raven, SCV x3  
  165  24:31  Marauder  
  172  24:32  Marauder  
  172  24:33  Supply Depot  
  172  24:35  Supply Depot  
  174  24:42  SCV  
  175  24:52  Marauder  
  177  25:13  Raven  
  172  25:56  Raven  
Tags
 
Add a new tag
Caveats
  • Supply blocks, unpowered buildings, or Contaminate may cause inaccurate times.
  • Supply counts are checked every 10 seconds.